 Dungeon Crawl Stone Soup version 0.26.0-45-g9c1d065592 (webtiles) character file.

Game seed: 5304290324067343732

15388 Descartes the Protected (level 12, -1/86 HPs)
             Began as a Formicid Fighter on Jan 28, 2021.
             Was an Elder of Qazlal.
             Slain by Jorgrun
             ... wielding a +0 vorpal quarterstaff
              (7 damage)
             ... on level 12 of the Dungeon.
             The game lasted 00:37:36 (12927 turns).

Descartes the Protected (Formicid Fighter)         Turns: 12927, Time: 00:37:37

Health: -1/86      AC: 22    Str: 20    XL:     12   Next: 57%
Magic:  12/12      EV:  4    Int:  8    God:    Qazlal [****..]
Gold:   399        SH: 17    Dex: 14    Spells: 11/11 levels left

rFire    + . .     SeeInvis +   O - +1 battleaxe (freeze)
rCold    . . .     Faith    .   c - +1 kite shield
rNeg     . . .     Spirit   .   I - +0 plate armour
rPois    .         Reflect  .   (helmet unavailable)
rElec    +         Harm     .   (no cloak)
rCorr    .         Rampage  .   w - +0 pair of gloves
Will     +....                  (no boots)
Stlth    ..........             p - amulet of the acrobat
HPRegen  0.24/turn              t - +4 ring of protection
MPRegen  0.13/turn              (no ring)

@: grasped by roots, constricted, repel missiles
A: permanent stasis, dig shafts and tunnels, four strong arms, antennae 3, fire
resistance 1, electricity resistance, weak 1
a: Dig, Shaft Self, Renounce Religion, Upheaval, Elemental Force


You were on level 12 of the Dungeon.
You worshipped Qazlal.
Qazlal was greatly pleased with you.
You visited 2 branches of the dungeon, and saw 14 of its levels.

You collected 547 gold pieces.
You spent 148 gold pieces at shops.

Inventory:

Hand Weapons
 d - a +2 vorpal dire flail
 O - a +1 battleaxe of freezing (weapon)
Missiles
 a - 4 silver boomerangs
 j - 261 stones
 l - 67 sling bullets
 n - 43 poisoned darts
 A - 65 bolts
 B - 154 arrows
 K - 3 boomerangs
 N - 3 throwing nets
 S - 8 curare-tipped darts
Armour
 c - a +1 kite shield (worn)
 w - a +0 pair of gloves (worn)
 I - a +0 plate armour (worn)
 Q - a +2 scale mail of cold resistance
Jewellery
 p - an amulet of the acrobat (around neck)
 t - a +4 ring of protection (left hand)
 R - an uncursed ring of wizardry {unknown}
Wands
 y - a wand of digging (3)
 F - a wand of random effects (19)
 H - a wand of acid (7)
 J - a wand of polymorph (8)
Scrolls
 b - a scroll of identify
 e - 10 scrolls of remove curse
 f - a scroll of blinking {unknown}
 h - 3 scrolls of amnesia {unknown}
 o - 2 scrolls of fog {unknown}
 r - 3 scrolls of enchant armour
 v - 4 scrolls of fear {unknown}
 x - 2 scrolls of immolation {unknown}
 E - a scroll of vulnerability {unknown}
 G - a scroll of noise {unknown}
 L - 3 scrolls of enchant weapon {unknown}
 M - 2 scrolls of magic mapping {unknown}
Potions
 g - 2 potions of resistance
 i - 4 potions of mutation
 k - 4 potions of attraction {unknown}
 m - a potion of flight {unknown}
 q - 4 potions of curing
 s - a potion of heal wounds
 u - 10 potions of degeneration
 z - 2 potions of ambrosia
 C - 2 potions of brilliance
 D - 3 potions of lignification
 P - a potion of might


   Skills:
 - Level 5.0 Fighting
 + Level 10.9 Axes
 + Level 14.8 Armour
 - Level 9.0 Shields
 - Level 5.0 Evocations


You had 11 spell levels left.
You didn't know any spells.
Your spell library contained the following spells:

 Spells                   Type           Power        Failure   Level
 Summon Small Mammal      Summ           0%           99%         1
 Call Imp                 Summ           0%           100%        2
 Call Canine Familiar     Summ           0%           100%        3
 Summon Guardian Golem    Hex/Summ       0%           100%        3
 Summon Ice Beast         Ice/Summ       0%           100%        4
 Summon Lightning Spire   Summ/Air       0%           100%        4


Dungeon Overview and Level Annotations

Branches:
Dungeon (13/15)            Temple (1/1) D:7            Lair (0/6) D:9
    Orc (0/2) D:9
 Vaults: D:13-14

Altars:
Ashenzari
Cheibriados
Dithmenos
Elyvilon
Fedhas
Gozag
Hepliaklqana
Kikubaaqudgha
Makhleb
Nemelex Xobeh
Okawaru
Qazlal
Ru
Sif Muna
Trog
Uskayaw
Vehumet
Wu Jian
Xom
Yredelemnul
Zin
The Shining One

Shops:
D:7 *   D:13 (

Annotations:
D:12 Jorgrun


Innate Abilities, Weirdness & Mutations

You cannot be hasted, slowed, berserked, paralysed or teleported.
You can dig through walls and to a lower floor.
Your four strong arms can wield two-handed weapons with a shield.
You have a pair of large antennae on your head. (SInv)
Your flesh is heat resistant. (rF+)
You are resistant to electric shocks. (rElec)
You are weak. (Str -2)


Message History

The grasping roots grab you! The grasping roots constrict you.
You closely miss Jorgrun.
Jorgrun is heavily wounded.
Jorgrun mutters some incantations to himself.
Jorgrun barely misses you. The grasping roots constrict you.
You hit Jorgrun. You freeze Jorgrun.
Jorgrun is heavily wounded.
Jorgrun hits you but does no damage. The grasping roots constrict you!
You slash Jorgrun! You freeze Jorgrun.
Jorgrun is severely wounded.
You block Jorgrun's attack. The grasping roots constrict you.
Jorgrun hits you with a +0 vorpal quarterstaff.
* * * LOW HITPOINT WARNING * * *
x3 The grasping roots constrict you.
You barely miss Jorgrun.
Jorgrun is severely wounded.
Jorgrun hits you with a +0 vorpal quarterstaff!
* * * LOW HITPOINT WARNING * * *
x2 You die...

####.# .....#
..#..### #......#
.##..#.#########
.....#.........#
....##########°###
.#### #......# .
#.##.#@# # #.#g#
#.☼.. ###.#. #.#.#
..# # ###


You could see Jorgrun.

Vanquished Creatures
  Snorg (D:12)
  Harold (D:8)
  2 two-headed ogres
  3 death yaks (D:8)
  3 ugly things
  2 cyclopes (D:13)
  Psyche (D:9)
  A tengu conjurer (D:13)
  4 trolls
  A hornet (D:13)
  Sigmund (D:3)
  A vampire (D:8)
  2 wraiths (D:12)
  A wyvern (D:13)
  6 yaks (D:13)
  Menkaure (D:4)
  2 steam dragons (D:6)
  A water moccasin (D:10)
  A sky beast (D:13)
  A swamp drake (D:9)
  3 phantoms
  2 ice beasts (D:13)
  4 orc warriors
  4 ogres
  4 centaurs
  2 big kobolds
  11 bullfrogs
  Blork the orc (D:6)
  2 gnoll sergeants (D:8)
  A water moccasin skeleton (D:9)
  6 scorpions
  10 killer bees
  9 wights
  A quasit (D:10)
  7 hounds
  A bullfrog skeleton (D:3)
  5 orc priests
  2 jellies
  8 orc wizards
  A gnoll shaman (D:5)
  Terence (D:3)
  Ijyb (D:3)
  7 worker ants
  2 iguanas (D:6)
  2 hell rats (D:8)
  A killer bee zombie (D:6)
  3 hound skeletons
  2 worker ant zombies
  14 gnolls
  A river rat (D:8)
  5 adders
  2 white imps
  4 ufetubi
  2 oozes (D:1)
  An adder skeleton (D:4)
  2 worms (D:2)
  3 dart slugs (D:1)
  6 leopard geckos
  29 orcs
  2 ball pythons
  6 giant cockroaches
  6 goblins
  8 hobgoblins
  10 jackals
  18 kobolds
  7 quokkas
  5 bats
  14 frilled lizards
  A jackal skeleton (D:7)
  A leopard gecko zombie (D:5)
  10 rats
296 creatures vanquished.

Vanquished Creatures (others)
  8 plants
8 creatures vanquished.

Grand Total: 304 creatures vanquished

Notes
Turn   | Place    | Note
-------+----------+-------------------------------------------
     0 | D:1      | Descartes the Formicid Fighter began the quest for the Orb.
     0 | D:1      | Reached XP level 1. HP: 18/18 MP: 1/1
   134 | D:1      | Reached XP level 2. HP: 24/24 MP: 2/2
   364 | D:1      | Reached XP level 3. HP: 29/29 MP: 3/3
   703 | D:1      | Found a snail-covered altar of Cheibriados.
   836 | D:1      | Reached XP level 4. HP: 37/37 MP: 4/4
  1380 | D:2      | Reached skill level 4 in Armour
  1380 | D:2      | Reached skill level 5 in Shields
  1380 | D:2      | Reached XP level 5. HP: 32/42 MP: 5/5
  2021 | D:3      | Noticed Terence
  2028 | D:3      | Killed Terence
  2100 | D:3      | Found a basalt altar of Yredelemnul.
  2100 | D:3      | Noticed Sigmund
  2122 | D:3      | Killed Sigmund
  2123 | D:3      | Reached XP level 6. HP: 14/50 MP: 6/6
  2465 | D:3      | Noticed Ijyb
  2487 | D:3      | Killed Ijyb
  2558 | D:3      | Reached XP level 7. HP: 55/55 MP: 7/7
  2942 | D:3      | Found a hazy altar of Hepliaklqana.
  3233 | D:4      | Reached skill level 5 in Fighting
  3233 | D:4      | Reached skill level 5 in Armour
  3493 | D:4      | Reached skill level 1 in Evocations
  3763 | D:4      | Found a radiant altar of Vehumet.
  3821 | D:4      | Noticed Menkaure
  3832 | D:4      | Killed Menkaure
  3833 | D:4      | Reached XP level 8. HP: 11/62 MP: 8/8
  4362 | D:5      | Entered Level 5 of the Dungeon
  4623 | D:5      | Found a white marble altar of Elyvilon.
  4940 | D:5      | Found a sacrificial altar of Ru.
  5417 | D:6      | Reached skill level 5 in Evocations
  5446 | D:6      | Noticed Blork the orc
  5456 | D:6      | Killed Blork the orc
  5523 | D:6      | HP: 2/62 [something (9)]
  5881 | D:6      | Reached XP level 9. HP: 52/68 MP: 9/9
  5920 | D:6      | Reached skill level 5 in Axes
  5928 | D:6      | Reached skill level 6 in Armour
  6268 | D:6      | Found a broken altar of Ashenzari.
  6480 | D:7      | Found a staircase to the Ecumenical Temple.
  6488 | Temple   | Entered the Ecumenical Temple
  6649 | Temple   | Became a worshipper of Qazlal Stormbringer
  6861 | D:7      | Reached skill level 7 in Armour
  6904 | D:7      | Found Guicof's Assorted Antiques.
  6920 | D:7      | Bought a golden potion for 17 gold pieces
  6920 | D:7      | Bought a pink potion for 17 gold pieces
  6920 | D:7      | Bought a scroll labelled ERARCH ALOM QOE for 19 gold pieces
  6920 | D:7      | Bought a scroll of remove curse for 57 gold pieces
  6920 | D:7      | Bought a scroll labelled BEROVU HUFEA for 19 gold pieces
  6920 | D:7      | Bought a scroll labelled GOESTI TELIN for 19 gold pieces
  7048 | D:7      | Found a blossoming altar of Fedhas.
  7190 | D:7      | Reached skill level 8 in Armour
  7193 | D:7      | Reached * piety under Qazlal
  7488 | D:8      | Found a hide-covered altar of Uskayaw.
  7524 | D:8      | Reached skill level 9 in Armour
  7559 | D:8      | Reached XP level 10. HP: 36/74 MP: 10/10
  7892 | D:8      | Reached skill level 10 in Armour
  8047 | D:8      | Noticed Harold
  8089 | D:8      | Killed Harold
  8090 | D:8      | Reached skill level 11 in Armour
  8415 | D:8      | Noticed a two-headed ogre
  8425 | D:8      | Killed a two-headed ogre
  8675 | D:8      | Gained mutation: Your flesh is heat resistant. (rF+)
                  | [potion of mutation]
  8675 | D:8      | Gained mutation: You are weak. (Str -2) [potion of
                  | mutation]
  8675 | D:8      | Gained mutation: You are resistant to electric shocks.
                  | (rElec) [potion of mutation]
  8713 | D:8      | Reached skill level 12 in Armour
  8960 | D:9      | Found a staircase to the Lair.
  8960 | D:9      | Noticed a death yak
  8961 | D:9      | Noticed a death yak
  8996 | D:8      | Killed a death yak
  8997 | D:8      | Reached XP level 11. HP: 47/79 MP: 11/11
  9161 | D:9      | Reached ** piety under Qazlal
  9206 | D:9      | Noticed a death yak
  9225 | D:8      | Killed a death yak
  9541 | D:8      | Killed a death yak
  9800 | D:9      | Reached skill level 13 in Armour
  9873 | D:9      | Noticed Psyche
  9878 | D:9      | Killed Psyche
 10043 | D:9      | Found a staircase to the Orcish Mines.
 10045 | D:9      | Reached *** piety under Qazlal
 10391 | D:9      | Found an opulent altar of Gozag.
 10685 | D:10     | Entered Level 10 of the Dungeon
 11443 | D:11     | You fall into a shaft and drop 2 floors!
 11443 | D:13     | Found Haacedgh's Weapon Shop.
 11480 | D:12     | Noticed a cyclops
 11481 | D:12     | Noticed a cyan ugly thing
 11673 | D:13     | Killed a cyan ugly thing
 11680 | D:13     | Reached XP level 12. HP: 74/86 MP: 12/12
 11782 | D:13     | Reached skill level 14 in Armour
 11869 | D:13     | Noticed a two-headed ogre
 11883 | D:13     | Killed a two-headed ogre
 11884 | D:13     | Reached skill level 10 in Axes
 12328 | D:13     | Reached **** piety under Qazlal
 12388 | D:12     | Noticed Snorg
 12397 | D:12     | Killed Snorg
 12906 | D:12     | Noticed Jorgrun
 12927 | D:12     | Slain by Jorgrun

Illustrated notes

Levels and vault maps discovered:
D:1:      dpeg_arrival_prison, layout_loops_ring, hangedman_decor_riveting,
          cheibriados_altar_1
D:2:      layout_basic
D:3:      layout_basic, old_standard_altar, nzn_hepliaklqana_mist_gate,
          uniq_terence, uniq_sigmund, uniq_ijyb
D:4:      layout_gridville, nicolae_overflow_crystal_walls,
          serial_bayou_crossing, uniq_menkaure
D:5:      layout_loops_ring, nicolae_ru_great_annihilating_truth,
          old_standard_altar
D:6:      cheibrodos_steamvent, layout_rooms, nicolae_ashenzari_panopticon,
          uniq_blork_the_orc
D:7:      minmay_skewed_foursquare, layout_rooms, fedhas_altar_fruit_tree,
          temple_fountains, serial_shops, nicolae_shop_overgrown_old_shop
D:8:      layout_rooms, eat_drink_and_be_merry_uskayaw, uniq_harold
D:9:      layout_cross, general_overflow_altar, dpeg_lair_monsters, erik_orc_1,
          uniq_psyche
D:10:     layout_irregular_city, minmay_misc_feat_iff, grunt_decor_mini_mirrors,
          wad_floor_pattern_2
D:11:     layout_basic, serial_bayou_ford_a, minmay_starry_boxes
D:12:     layout_loops_cross, uniq_jorgrun, uniq_snorg
D:13:     layout_long_grid, serial_shops, shop_statue
Temple:   nicolae_temple_hex_pool

Skill      XL: |  1  2  3  4  5  6  7  8  9 10 11 12 |
---------------+-------------------------------------+-----
Shields        | 4 5 6 8 9 |  9.0
Fighting       | 4 5 |  5.0
Armour         | 4 5 9 12 13 14 | 14.8
Evocations     | 2 5 |  5.0
Axes           | 4 5 6 9 10 | 10.9

Action                   |  1- 3 |  4- 6 |  7- 9 | 10-12 || total
-------------------------+-------+-------+-------+-------++-------
Melee: War axe           |    94 |   128 |   328 |       ||   550
       Hand axe          |       |       |   171 |   112 ||   283
       Battleaxe         |       |       |       |   432 ||   432
 Abil: Dig               |       |     4 |     6 |     1 ||    11
  Use: Scroll            |       |       |     9 |     1 ||    10
       Potion            |       |       |     5 |     4 ||     9
 Stab: Invisible         |       |       |     1 |       ||     1
       Paralysed         |       |       |     1 |       ||     1
Armor: Scale mail        |    35 |    40 |   126 |       ||   201
       Plate armour      |       |       |    97 |   200 ||   297
Dodge: Dodged            |    29 |    55 |   202 |   148 ||   434
Block: Kite shield       |    50 |    79 |   390 |   449 ||   968
